 Dungeon Sprint DCSS version 0.31-a0-949-g57150269e1 (webtiles) character file.

Game seed: 3544025994420431705

25500000 dialectric the Axe Maniac (level 27, -56/249 HPs)
             Began as a Formicid Gladiator on Oct 23, 2023.
             Was the Champion of Makhleb.
             Annihilated by a vile
             ... wielding a +0 dire flail
              (133 damage)
             ... in the Dungeon (Sprint VIII: "Arena of Blood").
             The game lasted 00:07:04 (255 turns).

dialectric the Axe Maniac (Formicid Gladiator)       Turns: 255, Time: 00:07:05

Health: -56/249    AC:  6    Str: 29    XL:     27
Magic:  54/54      EV: 27    Int: 12    God:    Makhleb [******]
Gold:   0          SH:  0    Dex: 15    Spells: 80/80 levels left

rFire   . . .        h - +∞ Axe of Woe
rCold   . . .        (no shield)
rNeg    . . .        b - +0 leather armour
rPois   .            (helmet unavailable)
rElec   .            (no cloak)
rCorr   .            (no gloves)
SInv    +            (no boots)
Will    ++...        (no amulet)
Stlth   +++          i - +30 ring of slaying
HPRegen 0.61/turn    l - +200 ring of slaying
MPRegen 0.34/turn

%: no passive effects
@: confused
A: permanent stasis, dig shafts and tunnels, antennae 3, four strong arms
a: Dig, Renounce Religion, Minor Destruction, Lesser Servant of Makhleb, Major
Destruction, Greater Servant of Makhleb


You were in the Dungeon.
You worshipped Makhleb.
Makhleb was exalted by your worship.
You visited 1 branch

Inventory:

Hand Weapons
 a - a +0 war axe
 h - the +∞ Axe of Woe (weapon)
   (You found it in the Dungeon)
Missiles
 c - 3 throwing nets (quivered)
 d - a javelin
Armour
 b - a +0 leather armour (worn)
Jewellery
 i - a +30 ring of slaying (left hand)
 l - a +200 ring of slaying (right hand)
 m - a ring of protection from fire
 n - a ring of see invisible
Potions
 e - a potion of curing
 g - 2 potions of magic


   Skills:
 O Level 27 Fighting
 O Level 27 Short Blades
 O Level 27 Long Blades
 O Level 27 Axes
 O Level 27 Maces & Flails
 O Level 27 Polearms
 O Level 27 Staves
 O Level 27 Ranged Weapons
 O Level 27 Throwing
 O Level 27 Armour
 O Level 27 Dodging
 O Level 27 Stealth
 O Level 27 Shields
 O Level 27 Unarmed Combat
 O Level 27 Spellcasting
 O Level 27 Conjurations
 O Level 27 Hexes
 O Level 27 Summonings
 O Level 27 Necromancy
 O Level 27 Translocations
 O Level 27 Transmutations
 O Level 27 Fire Magic
 O Level 27 Ice Magic
 O Level 27 Air Magic
 O Level 27 Earth Magic
 O Level 27 Poison Magic
 O Level 27 Invocations
 O Level 27 Evocations
 O Level 27 Shapeshifting


You had 80 spell levels left.
You didn't know any spells.
Your spell library was empty.

Dungeon Overview and Level Annotations

Branches:
Dungeon (1/1)

Altars:
Makhleb

Annotations:
D The Captor


Innate Abilities, Weirdness & Mutations

You cannot be hasted, slowed, berserked, paralysed or teleported.
You can dig through walls and to a lower floor.
You have a pair of large antennae on your head. (SInv)
Your four strong arms can wield two-handed weapons with a shield.


Message History

You hear a shout!
You hear a grinding noise.
You barely resist.
The tyrant mumbles some strange words.
The tyrant seems to speed up.
The fleshlord moves out of view. 2 wretched souls and a fleshlord come into view.
You are confused.
The observer pulsates ominously.
The wretched soul moves out of view. x2
A scourge comes into view.
Unknown command.
You chop the tyrant into pieces!!!
You pulverise the tyrant into a thin bloody mist.
You destroy the tyrant!
Makhleb accepts your kill.
You feel better.
You slice the vile like a ripe choko!!!!
You slaughter the vile joyfully.
You destroy the vile!
Makhleb accepts your kill.
The fleshlord casts a spell.
The fleshlord seems to speed up.
Unknown command.
You dice the meat berserker like an onion!!!!!
You pulverise the meat berserker into a thin bloody mist.
You kill the meat berserker!
Makhleb accepts your kill.
Unknown command.
Unknown command.
The observer gazes at you. Something smites you!
The bag of meat barely misses you.
Things that are here:
a +9 battleaxe; a +30 ring of slaying; a meat berserker corpse Unknown command.
You bump into the rock wall.
The vile hits you with a +0 dire flail!
You are engulfed in flames!!!!
The fleshlord casts a spell.
The fleshlord seems to speed up.
The vile hits you with a +0 dire flail!
You are engulfed in flames!!!!
Ouch! That really hurt!
You die...

## #...9......
#....@...., #.....{...
. #.#..W.....,...
#######.#pS{W.o..###..
#.....)o.#W....###....
##9pW.#...{#.......
#.@=#.#...{.)..#...
#..)###..)){)).).#.{
#..## ##{{L.2)))))))
#..## #.))..)))L#))
#.## #...G#..))))) #.#
#{.{S##...))) ##
#{{...#.....#
#......###...
#.....##....#


You could see a scourge, 2 fleshlords, a vile (fast), 2 wretched souls and a bag
of meat.

Vanquished Creatures
  A molten gargoyle (D)
  5 hell knights (D)
  2 hell beasts (D)
  9 royal mummies (D)
  6 great orbs of eyes (D)
  7 wraiths (D)
  20 vampire knights (D)
  28 ogres (D)
  7 two-headed ogres (D)
  4 liches (D)
  3 hydras (D)
  3 phantoms (D)
  111 orcs (D)
  2 skeletal warriors (D)
208 creatures vanquished.

Notes
Turn   | Place    | Note
-------+----------+-------------------------------------------
     0 | D        | Found the +∞ Axe of Woe
     0 | D        | dialectric the Formicid Gladiator began the quest for the
                  | Orb.
     0 | D        | Reached XP level 1. HP: 16/16 MP: 1/1
     2 | D        | Noticed a bag of meat
     4 | D        | Became a worshipper of Makhleb the Destroyer
     4 | D        | Noticed a bag of meat
     5 | D        | Noticed a bag of meat
     5 | D        | Noticed a bag of meat
     5 | D        | Noticed a bag of meat
     6 | D        | Noticed a bag of meat
     6 | D        | Noticed a bag of meat
     6 | D        | Noticed a bag of meat
     8 | D        | Killed a bag of meat
     8 | D        | Killed a bag of meat
     8 | D        | Reached * piety under Makhleb
     8 | D        | Noticed a bag of meat
     9 | D        | Reached XP level 2. HP: 38/38 MP: 2/2
     9 | D        | Reached XP level 3. HP: 44/44 MP: 3/3
     9 | D        | Reached XP level 4. HP: 51/51 MP: 4/4
     9 | D        | Reached XP level 5. HP: 57/57 MP: 5/5
     9 | D        | Reached XP level 6. HP: 64/64 MP: 6/6
     9 | D        | Reached XP level 7. HP: 69/69 MP: 7/7
     9 | D        | Reached XP level 8. HP: 76/76 MP: 8/8
     9 | D        | Reached XP level 9. HP: 82/82 MP: 9/9
     9 | D        | Reached XP level 10. HP: 89/89 MP: 10/10
     9 | D        | Reached XP level 11. HP: 95/95 MP: 11/11
     9 | D        | Reached XP level 12. HP: 102/102 MP: 12/12
     9 | D        | Noticed a bag of meat
    10 | D        | Noticed a bag of meat
    10 | D        | Noticed a meat berserker
    11 | D        | Noticed a meat berserker
    11 | D        | Noticed a bag of meat
    12 | D        | Killed a bag of meat
    12 | D        | Killed a bag of meat
    12 | D        | Noticed a meat berserker
    12 | D        | Noticed a bag of meat
    13 | D        | Reached skill level 10 in Throwing
    13 | D        | Reached XP level 13. HP: 69/113 MP: 13/13
    13 | D        | Noticed a bag of meat
    13 | D        | Noticed a bag of meat
    14 | D        | Killed a meat berserker
    14 | D        | Reached ** piety under Makhleb
    14 | D        | Killed a bag of meat
    14 | D        | Noticed a bag of meat
    14 | D        | Noticed a meat berserker
    14 | D        | Noticed a bag of meat
    14 | D        | Noticed a bag of meat
    14 | D        | Noticed a bag of meat
    14 | D        | Noticed a bag of meat
    15 | D        | Reached XP level 14. HP: 101/126 MP: 14/14
    15 | D        | Killed a meat berserker
    15 | D        | Killed a bag of meat
    15 | D        | Reached *** piety under Makhleb
    15 | D        | Noticed a bag of meat
    15 | D        | Noticed a bag of meat
    15 | D        | Noticed a meat berserker
    16 | D        | Reached skill level 27 in Axes
    16 | D        | Reached XP level 15. HP: 131/136 MP: 15/15
    16 | D        | Killed a meat berserker
    17 | D        | Reached XP level 16. HP: 150/150 MP: 16/16
    18 | D        | Noticed a meat berserker
    18 | D        | Noticed a large bag of meat
    19 | D        | Noticed a large bag of meat
    19 | D        | Noticed a meat berserker
    20 | D        | Noticed a meat berserker
    20 | D        | Noticed a meat berserker
    20 | D        | Reached **** piety under Makhleb
    21 | D        | Reached skill level 27 in Dodging
    21 | D        | Reached XP level 17. HP: 169/169 MP: 17/17
    21 | D        | Noticed a meat berserker
    21 | D        | Noticed a destroyer
    22 | D        | Noticed a meat berserker
    22 | D        | Reached ***** piety under Makhleb
    22 | D        | Killed a meat berserker
    22 | D        | Killed a meat berserker
    22 | D        | Noticed a destroyer
    22 | D        | Noticed a large bag of meat
    23 | D        | Reached skill level 27 in Fighting
    23 | D        | Reached XP level 18. HP: 154/182 MP: 18/18
    23 | D        | Noticed a meat berserker
    24 | D        | Reached skill level 27 in Throwing
    24 | D        | Noticed a destroyer
    24 | D        | Reached ****** piety under Makhleb
    24 | D        | Noticed a large bag of meat
    25 | D        | Reached skill level 27 in Armour
    25 | D        | Reached XP level 19. HP: 189/189 MP: 19/19
    25 | D        | Killed a meat berserker
    25 | D        | Killed a meat berserker
    26 | D        | Reached skill level 5 in Short Blades
    26 | D        | Reached skill level 5 in Long Blades
    26 | D        | Reached skill level 5 in Maces & Flails
    26 | D        | Reached skill level 5 in Polearms
    26 | D        | Reached skill level 5 in Staves
    26 | D        | Reached skill level 5 in Ranged Weapons
    26 | D        | Reached skill level 5 in Unarmed Combat
    26 | D        | Reached skill level 5 in Spellcasting
    26 | D        | Reached skill level 5 in Conjurations
    26 | D        | Reached skill level 5 in Necromancy
    26 | D        | Reached skill level 5 in Translocations
    26 | D        | Reached skill level 5 in Fire Magic
    26 | D        | Reached skill level 5 in Ice Magic
    26 | D        | Reached XP level 20. HP: 197/197 MP: 19/28
    26 | D        | Killed a large bag of meat
    26 | D        | Killed a meat berserker
    26 | D        | Killed a large bag of meat
    27 | D        | Reached skill level 10 in Hexes
    27 | D        | Reached skill level 10 in Summonings
    27 | D        | Reached skill level 10 in Earth Magic
    27 | D        | Reached skill level 10 in Evocations
    27 | D        | Reached skill level 10 in Shapeshifting
    27 | D        | Reached XP level 21. HP: 154/204 MP: 19/34
    27 | D        | Noticed a destroyer
    27 | D        | Noticed a meat berserker
    28 | D        | Noticed a destroyer
    28 | D        | Noticed a large bag of meat
    29 | D        | Reached skill level 10 in Short Blades
    29 | D        | Reached skill level 10 in Long Blades
    29 | D        | Reached skill level 10 in Maces & Flails
    29 | D        | Reached skill level 10 in Polearms
    29 | D        | Reached skill level 10 in Staves
    29 | D        | Reached skill level 10 in Ranged Weapons
    29 | D        | Reached skill level 10 in Unarmed Combat
    29 | D        | Reached skill level 10 in Spellcasting
    29 | D        | Reached skill level 10 in Necromancy
    29 | D        | Reached skill level 10 in Fire Magic
    29 | D        | Reached skill level 10 in Ice Magic
    29 | D        | Killed a meat berserker
    30 | D        | Reached skill level 10 in Conjurations
    30 | D        | Reached skill level 10 in Translocations
    30 | D        | Reached XP level 22. HP: 212/212 MP: 19/37
    30 | D        | Killed a meat berserker
    30 | D        | Noticed a destroyer
    30 | D        | Noticed a large bag of meat
    31 | D        | Reached skill level 15 in Stealth
    31 | D        | Reached skill level 15 in Shields
    31 | D        | Reached skill level 10 in Air Magic
    31 | D        | Reached skill level 15 in Poison Magic
    31 | D        | Reached skill level 15 in Invocations
    31 | D        | Killed a destroyer
    31 | D        | Killed a meat berserker
    32 | D        | Reached skill level 15 in Hexes
    32 | D        | Reached skill level 15 in Earth Magic
    32 | D        | Reached XP level 23. HP: 219/219 MP: 20/40
    32 | D        | Killed a destroyer
    32 | D        | Killed a destroyer
    33 | D        | Reached skill level 15 in Short Blades
    33 | D        | Reached skill level 15 in Long Blades
    33 | D        | Reached skill level 15 in Maces & Flails
    33 | D        | Reached skill level 15 in Polearms
    33 | D        | Reached skill level 15 in Staves
    33 | D        | Reached skill level 15 in Ranged Weapons
    33 | D        | Reached skill level 15 in Unarmed Combat
    33 | D        | Reached skill level 15 in Spellcasting
    33 | D        | Reached skill level 15 in Necromancy
    33 | D        | Reached skill level 15 in Fire Magic
    33 | D        | Reached skill level 15 in Ice Magic
    33 | D        | Reached XP level 24. HP: 227/227 MP: 20/42
    33 | D        | Killed a destroyer
    34 | D        | Reached XP level 25. HP: 234/234 MP: 20/43
    34 | D        | Noticed a destroyer
    34 | D        | Killed a destroyer
    34 | D        | Killed a large bag of meat
    34 | D        | Killed a destroyer
    35 | D        | Reached skill level 15 in Conjurations
    35 | D        | Reached skill level 15 in Translocations
    35 | D        | Killed a large bag of meat
    36 | D        | Reached skill level 15 in Air Magic
    36 | D        | Reached XP level 26. HP: 199/242 MP: 20/44
    37 | D        | Killed a destroyer
    39 | D        | Noticed a destroyer
    39 | D        | Noticed a destroyer
    39 | D        | Noticed a destroyer
    40 | D        | Reached skill level 27 in Stealth
    40 | D        | Reached XP level 27. HP: 249/249 MP: 21/45
    40 | D        | Killed a large bag of meat
    40 | D        | Noticed a destroyer
    41 | D        | Noticed a destroyer
    42 | D        | Killed a destroyer
    44 | D        | Killed a large bag of meat
    44 | D        | Noticed a destroyer
    44 | D        | Noticed a destroyer
    44 | D        | Noticed a destroyer
    44 | D        | Noticed a destroyer
    46 | D        | Killed a destroyer
    46 | D        | Killed a destroyer
    47 | D        | Reached skill level 27 in Shields
    47 | D        | Reached skill level 27 in Poison Magic
    47 | D        | Reached skill level 27 in Invocations
    47 | D        | Killed a destroyer
    47 | D        | Killed a destroyer
    47 | D        | Noticed an accursed
    48 | D        | Killed a destroyer
    48 | D        | Noticed a destroyer
    49 | D        | Reached skill level 27 in Earth Magic
    49 | D        | Killed a destroyer
    50 | D        | Reached skill level 27 in Hexes
    50 | D        | Reached skill level 27 in Evocations
    50 | D        | Noticed an accursed
    51 | D        | Killed a destroyer
    54 | D        | Reached skill level 27 in Summonings
    54 | D        | Reached skill level 27 in Transmutations
    54 | D        | Reached skill level 27 in Shapeshifting
    56 | D        | Noticed an accursed
    56 | D        | Killed an accursed
    58 | D        | Killed a destroyer
    58 | D        | Killed a destroyer
    58 | D        | Noticed an accursed
    58 | D        | Noticed a destroyer
    59 | D        | Reached skill level 27 in Short Blades
    59 | D        | Reached skill level 27 in Long Blades
    59 | D        | Reached skill level 27 in Maces & Flails
    59 | D        | Reached skill level 27 in Polearms
    59 | D        | Reached skill level 27 in Staves
    59 | D        | Reached skill level 27 in Ranged Weapons
    59 | D        | Reached skill level 27 in Unarmed Combat
    59 | D        | Reached skill level 27 in Spellcasting
    59 | D        | Reached skill level 27 in Necromancy
    59 | D        | Reached skill level 27 in Fire Magic
    59 | D        | Reached skill level 27 in Ice Magic
    59 | D        | Noticed a meat beast
    59 | D        | Killed an accursed
    60 | D        | Reached skill level 27 in Conjurations
    60 | D        | Reached skill level 27 in Translocations
    60 | D        | Reached skill level 27 in Air Magic
    61 | D        | Killed a destroyer
    61 | D        | Killed a meat beast
    62 | D        | Noticed The Captor
    64 | D        | Noticed an accursed
    64 | D        | Noticed a tyrant
    66 | D        | Killed an accursed
    66 | D        | Noticed a large bag of meat
    67 | D        | Killed an accursed
    67 | D        | Noticed a tyrant
    87 | D        | Killed a tyrant
    89 | D        | Killed an accursed
    91 | D        | Killed a large bag of meat
   107 | D        | Noticed an accursed
   108 | D        | Killed an accursed
   128 | D        | Noticed a destroyer
   133 | D        | Killed a destroyer
   139 | D        | Noticed an accursed
   139 | D        | Noticed a meat beast
   140 | D        | Noticed a fleshlord
   145 | D        | Killed an accursed
   148 | D        | Noticed a tyrant
   148 | D        | Noticed a fleshlord
   148 | D        | Noticed a fleshlord
   156 | D        | Killed a fleshlord
   163 | D        | Noticed a tyrant
   164 | D        | Noticed a meat beast
   164 | D        | Noticed a fleshlord
   168 | D        | Killed a tyrant
   170 | D        | Killed a fleshlord
   171 | D        | Killed a fleshlord
   173 | D        | Killed a meat beast
   176 | D        | Killed a fleshlord
   182 | D        | Noticed a fleshlord
   182 | D        | Noticed a dread
   182 | D        | Noticed an accursed
   182 | D        | Noticed a dread
   186 | D        | Killed a dread
   188 | D        | Killed a dread
   189 | D        | Noticed a destroyer
   189 | D        | Noticed a fleshlord
   189 | D        | Noticed a dread
   189 | D        | Noticed a dread
   196 | D        | Noticed a tyrant
   197 | D        | Killed a tyrant
   198 | D        | Killed a fleshlord
   200 | D        | Killed a dread
   203 | D        | Killed a destroyer
   205 | D        | Killed a dread
   211 | D        | Noticed a tyrant
   222 | D        | Noticed a fleshlord
   222 | D        | Noticed a dread
   223 | D        | Noticed an accursed
   224 | D        | Noticed a dread
   232 | D        | Killed a dread
   234 | D        | Killed a dread
   235 | D        | Killed an accursed
   238 | D        | Killed an accursed
   242 | D        | Noticed a tyrant
   242 | D        | Noticed a dread
   245 | D        | Noticed a vile
   245 | D        | Noticed a vile
   249 | D        | Killed a dread
   250 | D        | Noticed a fleshlord
   251 | D        | Noticed a fleshlord
   252 | D        | Killed a tyrant
   252 | D        | Killed a vile
   255 | D        | Annihilated by a vile

Illustrated notes

Levels and vault maps discovered:
D:        meatsprint

Skill      XL: |  1  2  3  4  5  6  7  8  9 10 11 12 13 14 15 16 17 18 19 20 21 22 23 24 25 26 27 |
---------------+----------------------------------------------------------------------------------+-----
Fighting       | 11 14 16 18 20 25 27 | 27.0
Axes           | 19 22 24 27 | 27.0
Throwing       | 9 10 12 13 14 17 25 27 | 27.0
Dodging        | 17 19 22 23 26 27 | 27.0
Armour         | 2 20 27 | 27.0
Short Blades   | 5 9 11 13 15 16 17 18 27 | 27.0
Long Blades    | 5 9 11 13 15 16 17 18 27 | 27.0
Maces & Flails | 5 9 11 13 15 16 17 18 27 | 27.0
Polearms       | 5 9 11 13 15 16 17 18 27 | 27.0
Staves         | 5 9 11 13 15 16 17 18 27 | 27.0
Ranged Weapons | 5 9 11 13 15 16 17 18 27 | 27.0
Stealth        | 7 11 14 16 19 20 22 27 | 27.0
Shields        | 7 11 14 16 19 20 22 23 27 | 27.0
Unarmed Combat | 5 9 11 13 15 16 17 18 27 | 27.0
Spellcasting   | 5 9 11 13 15 16 17 18 27 | 27.0
Conjurations   | 5 8 10 12 13 14 16 17 27 | 27.0
Hexes          | 6 10 13 15 17 18 20 21 27 | 27.0
Summonings     | 6 10 12 14 16 17 19 20 27 | 27.0
Necromancy     | 5 9 11 13 15 16 17 18 27 | 27.0
Translocations | 5 8 10 12 13 14 16 17 27 | 27.0
Transmutations | 6 9 12 14 16 17 19 20 27 | 27.0
Fire Magic     | 5 9 11 13 15 16 17 18 27 | 27.0
Ice Magic      | 5 9 11 13 15 16 17 18 27 | 27.0
Air Magic      | 4 7 9 11 12 13 15 27 | 27.0
Earth Magic    | 6 10 13 15 17 18 20 21 27 | 27.0
Poison Magic   | 7 11 14 16 19 20 22 23 27 | 27.0
Invocations    | 7 11 14 17 19 20 22 24 27 | 27.0
Evocations     | 7 10 13 16 18 19 21 22 27 | 27.0
Shapeshifting  | 6 10 12 14 16 17 19 20 27 | 27.0

Action                     |  1- 3 |  4- 6 |  7- 9 | 10-12 | 13-15 | 16-18 | 19-21 | 22-24 | 25-27 || total
---------------------------+-------+-------+-------+-------+-------+-------+-------+-------+-------++-------
  Melee: Executioner's axe |     1 |       |       |     1 |     3 |     4 |     4 |     4 |    75 ||    92
 Invoke: Minor Destruction |       |       |       |       |       |       |       |       |     7 ||     7
Ability: Dig               |       |       |       |       |       |       |       |       |     1 ||     1
    Use: Potion            |       |       |       |       |       |       |       |       |     1 ||     1
   Stab: Distracted        |       |       |       |       |       |       |       |       |     4 ||     4
 Armour: Leather armour    |       |       |       |     1 |       |     8 |     4 |       |    26 ||    39
  Dodge: Dodged            |       |       |       |     1 |       |     1 |     2 |       |     9 ||    13

Table legend: (Time is in decaauts)
 A = Elapsed time spent in this place.
 B = Non-inter-level travel time spent in this place.
 C = Inter-level travel time spent in this place.
 D = Time resting spent in this place.
 E = Time spent auto-exploring this place.
 F = Levels seen in this place.
 G = Mean time per level.
                   A        B        C        D        E       F      G
               +--------+--------+--------+--------+--------+-----+--------+
         Total |    226 |    226 |      0 |      0 |      0 |   1 |  226.0 |
       Dungeon |    226 |    226 |      0 |      0 |      0 |   1 |  226.0 |
               +--------+--------+--------+--------+--------+-----+--------+

Top non-repeatable levels by time:
       D: 226 daAuts
